AoeStats
← fresh_jam

Pilgrims

508262636Analyzed
4v4 RM · 11d ago on Sep 21, 2026· 29m 44s· 8 players
Game mode
Random Map
Map size
Large (8 player)
Population
200
Speed
Normal
Resources
Standard
Victory
Conquest
Starting age
Dark Age
Ending age
Imperial Age
RankedLock teamsTeams togetherTeam positionsShared explorationLock speedFull tech treeHidden civsTurbo modeCheats
Victory
Defeat
🇲🇽 Cumans · Mexico
1219
+16
🇹🇼 Mongols · Taiwan
1217
+16
🇺🇸 Byzantines · United States
1207
+16
🇮🇳 Teutons · India
1160
+17
🇹🇷 Saracens · Türkiye
1217
-17
🇩🇰 Dravidians · Denmark
1211
-16
🇨🇭 Persians · Switzerland
1210
-16
🇳🇱 Teutons · Netherlands
1191
-16
taisho84
13:15 Feudal Age
13:43 Double-Bit Axe
17:53 Castle Age
17:46 Stone Mining
18:42 Horse Collar
21:33 Bow Saw
23:02 Loom
Dongart
7:27 Loom
9:52 Feudal Age
10:34 Double-Bit Axe
16:40 Fletching
17:18 Stone Mining
21:06 Castle Age
25:37 Horse Collar
26:08 Bow Saw
fresh_jam
12:21 Feudal Age
11:51 Loom
21:44 Castle Age
20:53 Bloodlines
20:52 Scale Barding Armor
21:31 Double-Bit Axe
26:02 Fletching
27:31 Pikeman
28:39 Forging
smyracula
4:16 Loom
15:11 Feudal Age
30:36 Castle Age
28:44 Fletching
SLAMCOW
10:05 Loom
12:18 Feudal Age
17:47 Fletching
22:21 Castle Age
23:46 Bodkin Arrow
27:53 Double-Bit Axe
mairlarabe
1:58 Loom
3:46 Loom
13:31 Feudal Age
21:51 Wheelbarrow
21:23 Fishing Lines
21:41 Double-Bit Axe
25:21 Castle Age
25:42 Scale Barding Armor
25:48 Forging
26:15 Medium Warships
26:25 Bloodlines
27:00 Chain Barding Armor
27:25 Gillnets
28:26 Hand Cart
27:57 Town Watch
sinister is maveric
5:10 Loom
12:07 Feudal Age
17:15 Castle Age
16:04 Stone Mining
19:25 Fletching
19:47 Gold Mining
24:14 Double-Bit Axe
25:11 Bow Saw
24:44 Horse Collar
27:08 Town Watch
29:39 Wheelbarrow
popibo
14:10 Feudal Age
12:25 Loom
15:00 Double-Bit Axe
17:15 Fishing Lines
20:57 Castle Age
22:15 Bloodlines
24:01 Wheelbarrow
24:24 Scale Barding Armor
25:45 Husbandry
27:37 Forging
27:49 Chain Barding Armor
29:45 Fletching
Connection lost

Rejoining the realm…

Still unreachable

The connection could not be restored.

Session expired

The server has moved on; the page needs a fresh start.